 Dungeon Crawl Stone Soup version 0.25.1-2-g60ff931df9 (webtiles) character file.

Game seed: 12747848393510698053

66 solopath the Slasher (level 3, 0/27 HPs)
             Began as a Demonspawn Gladiator on Oct 28, 2020.
             Slain by Sigmund
             ... wielding a +0 scythe
              (4 damage)
             ... on level 2 of the Dungeon.
             The game lasted 00:01:18 (1683 turns).

solopath the Slasher (Demonspawn Gladiator)         Turns: 1683, Time: 00:01:19

Health: 0/27       AC:  4    Str: 14      XL:     3   Next: 96%
Magic:  3/3        EV: 12    Int:  8 (10) God:
Gold:   75         SH:  0    Dex: 12 (14) Spells: 2/2 levels left

rFire    . . .     SeeInvis .   a - +0 long sword
rCold    . . .     Gourm    .   (no shield)
rNeg     . . .     Faith    .   b - +0 leather armour
rPois    .         Spirit   .   c - +0 helmet
rElec    .         Reflect  .   (no cloak)
rCorr    .         Harm     .   (no gloves)
MR       .....                  (no boots)
Stlth    +.........             (no amulet)
HPRegen  0.09/turn              (no ring)
MPRegen  0.08/turn              (no ring)

@: no status effects
A: talons 1
a: no special abilities


You were on level 2 of the Dungeon.
You were not hungry.

You visited 1 branch of the dungeon, and saw 2 of its levels.

You collected 75 gold pieces.

Inventory:

Hand Weapons
 a - a +0 long sword (weapon)
Missiles
 d - 3 throwing nets (quivered)
Armour
 b - a +0 leather armour (worn)
 c - a +0 helmet (worn)
Jewellery
 g - an uncursed ring of protection from fire {unknown}
Wands
 l - a wand of flame (18)
Scrolls
 e - 3 scrolls of remove curse {unknown}
 h - a scroll of enchant armour {unknown}
 j - a scroll of enchant weapon {unknown}
 k - a scroll of teleportation {unknown}
Comestibles
 f - 3 rations
 i - 2 chunks of flesh


   Skills:
 - Level 2.0 Fighting
 + Level 4.4 Long Blades
 - Level 1.7 Throwing
 - Level 2.6 Dodging


You had 2 spell levels left.
You didn't know any spells.
Your spell library was empty.

Dungeon Overview and Level Annotations

Branches:
Dungeon (2/15)

Altars:

Annotations:
D:2 Sigmund


Innate Abilities, Weirdness & Mutations

You have sharp toenails.


Message History

Unknown command.
Unknown command.
You barely miss the frilled lizard. The frilled lizard closely misses you.
You closely miss the frilled lizard. Your kick misses the frilled lizard.
The frilled lizard bites you but does no damage.
You hit the frilled lizard.
You kill the frilled lizard!
Sigmund hits you with a +0 scythe!
You see here a frilled lizard corpse.
You hit Sigmund. You claw Sigmund.
Sigmund is moderately wounded.
Sigmund mumbles some strange words.
Sigmund flickers and vanishes!
Deactivating autopickup; reactivate with Ctrl-A.
You barely miss something. Something hits you!
* * * LOW HITPOINT WARNING * * *
You closely miss something. You claw something. You slash something!
Something hits you but does no damage.
You hit something but do no damage. Something hits you.
You die...

############
#..........# ##
# #.########(#
#.#.# #.#
#.##....# #.#
#.#{....### #.#
#.@........ #.#
#####.#>... #.#
# # #.#
#####.####
#........#
#.###.##.# #.#
#..#.##
##.####....####


There were no monsters in sight!

Vanquished Creatures
  Natasha (D:2)
  2 adders (D:2)
  A dart slug (D:1)
  A leopard gecko (D:1)
  A giant cockroach (D:2)
  A hobgoblin (D:1)
  2 jackals (D:1)
  A quokka (D:2)
  5 bats
  A frilled lizard (D:2)
  2 goblins (D:1)
  4 kobolds
  A rat (D:1)
23 creatures vanquished.

Notes
Turn   | Place    | Note
-------+----------+-------------------------------------------
     0 | D:1      | solopath the Demonspawn Gladiator began the quest for the
                  | Orb.
     0 | D:1      | Reached XP level 1. HP: 16/16 MP: 1/1
   174 | D:1      | Reached skill level 3 in Long Blades
   625 | D:1      | Gained mutation: You have sharp toenails. [demonic
                  | ancestry]
   625 | D:1      | Reached XP level 2. HP: 22/22 MP: 2/2
  1156 | D:2      | Noticed Natasha
  1161 | D:2      | Noticed a crimson imp
  1170 | D:2      | Killed Natasha
  1170 | D:2      | Reached skill level 4 in Long Blades
  1170 | D:2      | Reached XP level 3. HP: 20/27 MP: 3/3
  1669 | D:2      | Noticed Sigmund
  1683 | D:2      | Slain by Sigmund

Illustrated notes

Levels and vault maps discovered:
D:1:      roderic_crop_circles_arrival_small, layout_basic
D:2:      layout_loops_corners, uniq_natasha, uniq_sigmund

Skill      XL: |  1  2 |
---------------+-------+-----
Long Blades    | 3 4 |  4.4
Fighting       | |  2.0
Throwing       | |  1.7
Dodging        | |  2.6

Action                   || total
-------------------------++-------
Melee: Long sword        ||    73
       Kick              ||    11
  Use: Potion            ||     1
  Eat: Chunk             ||     2
Armor: Leather armour    ||    20
Dodge: Dodged            ||    42
       Rpst.: Long sword ||    11
